 Dungeon Crawl Stone Soup version 0.24-a0-525-g9231cdcba1 (webtiles) character file.

Game seed: 9104874370502491949

209 Gargoyl the Skirmisher (level 5, -8/46 HPs)
             Began as a Centaur Abyssal Knight on Aug 1, 2019.
             Was a Believer of Lugonu.
             Splashed by Ijyb's acid (12 damage)
             ... on level 3 of the Dungeon.
             The game lasted 00:05:48 (4207 turns).

Gargoyl the Skirmisher (Centaur Abyssal Knight)     Turns: 4207, Time: 00:05:49

Health: -8/46      AC: 10    Str: 15    XL:     5   Next: 55%
Magic:  7/7        EV:  1    Int: 11    God:    Lugonu [**....]
Gold:   188        SH:  7    Dex:  9    Spells: 4/4 levels left

rFire    . . .     SeeInvis .   a - +2 hand axe
rCold    . . .     Gourm    .   n - +1 shield {AC+3}
rNeg     . . .     Faith    .   g - +0 storm dragon scales
rPois    .         Spirit   .   i - +0 helmet
rElec    +         Reflect  .   (no cloak)
rCorr    .         Harm     .   l - +0 pair of gloves
MR       +....                  (no barding)
Stlth    ..........             (no amulet)
HPRegen  0.15/turn              e - ring of protection from magic
MPRegen  0.10/turn              (no ring)

@: corroded, very quick
A: large, hooves 3, deformed body, speed 2, tough skin 3
a: Depart the Abyss, Bend Space, Renounce Religion


You were on level 3 of the Dungeon.
You worshipped Lugonu.
Lugonu was pleased with you.
You were not hungry.

You visited 1 branch of the dungeon, and saw 4 of its levels.
You visited the Abyss 1 time.

You collected 188 gold pieces.

Inventory:

Hand Weapons
 a - a +2 hand axe (weapon)
Missiles
 j - 3 boomerangs (quivered)
Armour
 g - +0 storm dragon scales (worn)
 i - a +0 helmet (worn)
 l - a +0 pair of gloves (worn)
 n - a +1 shield of protection (worn)
Jewellery
 b - a cursed ring of teleportation {unknown}
 e - a ring of protection from magic (left hand)
Scrolls
 m - a scroll of remove curse
Potions
 d - a potion of curing
 f - a potion of agility
 h - 2 potions of might
 k - 2 potions of brilliance {unknown}
Comestibles
 c - 4 rations


   Skills:
 + Level 3.9 Fighting
 + Level 2.7 Axes
 * Level 2.6 Armour
 * Level 1.6 Dodging
 * Level 3.0 Invocations


You had 4 spell levels left.
You didn't know any spells.
Your spell library was empty.

Dungeon Overview and Level Annotations

Branches:
Dungeon (4/15)
 Temple: D:4-7

Altars:

Annotations:
D:3 Ijyb


Innate Abilities, Weirdness & Mutations

You have hooves in place of feet.
Armour fits poorly on your strangely shaped body.
You cover ground very quickly.
You have extremely tough skin. (AC +3)


Message History

The orc is moderately wounded.
The orc hits you but does no damage. x2; Ijyb zaps a wand.
The bolt of acid hits you! The acid corrodes you!
You are splashed with acid!
You hit the orc but do no damage.
The orc is moderately wounded.
You closely miss Ijyb. Ijyb hits you but does no damage.
The orc hits you but does no damage.
A goblin comes into view. It is wielding a +0 dagger.
The goblin shouts!
Ijyb screams, "I no like you!"
Ijyb zaps a wand.
The bolt of acid hits the orc!
The orc is splashed with acid.
The orc dies!
The bolt of acid hits you! The acid corrodes you!
You are splashed with acid!
* * * LOW HITPOINT WARNING * * *
You feel better.
There is a stone staircase leading up here.
Ijyb zaps a wand.
The bolt of acid hits you!
* * * LOW HITPOINT WARNING * * *
You are splashed with acid!
You die...

#.........#
##........##
#.........#
#.......##
##+#......#
#######.#
#....).# .#
#......# .#
+......## ..
#....?.g#
#.......#
#.....g@#
#.#####.#
... #.# ##
#.# ..# ###


You could see Ijyb and a goblin.

Vanquished Creatures
  A worker ant (D:4)
  7 gnolls
  4 adders (D:2)
  3 worms
  2 dart slugs (D:1)
  4 leopard geckos
  6 giant cockroaches
  8 goblins
  4 hobgoblins (D:1)
  4 jackals (D:1)
  6 kobolds
  7 bats
  7 frilled lizards
  10 rats
73 creatures vanquished.

Vanquished Creatures (others)
  An orc (D:3)
  5 toadstools (D:3)
6 creatures vanquished.

Grand Total: 79 creatures vanquished

Notes
Turn   | Place    | Note
-------+----------+-------------------------------------------
     0 | Abyss:1  | Gargoyl the Centaur Abyssal Knight began the quest for the
                  | Orb.
     0 | Abyss:1  | Reached XP level 1. HP: 19/19 MP: 2/2
    50 | Abyss:1  | Noticed a spatial maelstrom
    51 | Abyss:1  | Noticed a chaos spawn
    51 | Abyss:1  | Noticed a spatial vortex
    51 | Abyss:1  | Noticed a spatial vortex
    56 | Abyss:1  | Noticed a spatial vortex
    57 | Abyss:1  | Noticed a spatial vortex
    57 | Abyss:1  | Noticed an iron imp
    58 | Abyss:1  | Noticed a spatial vortex
   101 | Abyss:1  | Noticed a small abomination
   107 | Abyss:1  | Noticed an ancient zyme
   121 | Abyss:1  | Noticed a large abomination
   168 | Abyss:1  | Noticed a large abomination
   173 | D:1      | Escaped the Abyss
   279 | D:1      | Reached * piety under Lugonu
   353 | D:1      | Reached XP level 2. HP: 21/26 MP: 3/3
   373 | D:1      | Reached skill level 1 in Dodging
   771 | D:1      | Reached XP level 3. HP: 29/31 MP: 4/4
  1933 | D:2      | Reached ** piety under Lugonu
  1993 | D:2      | Reached XP level 4. HP: 22/38 MP: 5/5
  3233 | D:3      | Reached XP level 5. HP: 40/45 MP: 7/7
  4194 | D:3      | Noticed Ijyb
  4207 | D:3      | Splashed by Ijyb's acid

Levels and vault maps discovered:
D:1:      lemuel_arrival_river_bridge, layout_basic
D:2:      layout_loops_corners, first_ration
D:3:      layout_basic, gammafunk_temple_overflow_forgotten,
          minmay_gold_behind_fungi, uniq_ijyb, uniq_crazy_yiuf_cottage
D:4:      gammafunk_cloud_chamber, layout_rooms, lemuel_blue_sif_altar,
          temple_hall, nicolae_tso_besieged_by_evil, uniq_natasha

Skill      XL: |  1  2  3  4  5 |
---------------+----------------+-----
Dodging        | 1 |  1.6
Axes           | 2 |  2.7
Armour         | 2 |  2.6
Invocations    | 3 |  3.0
Fighting       | |  3.9

Action                   |  1- 3 |  4- 6 || total
-------------------------+-------+-------++-------
Melee: Hand axe          |   114 |   110 ||   224
       Kick              |    22 |    23 ||    45
Invok: Depart the Abyss  |     1 |       ||     1
  Use: Scroll            |     3 |     3 ||     6
       Potion            |     3 |     1 ||     4
  Eat: Chunk             |     2 |     6 ||     8
Armor: Leather armour    |    25 |       ||    25
       Storm dragon scal |    68 |    84 ||   152
Dodge: Dodged            |    57 |    15 ||    72
Block: Shield            |       |    28 ||    28

Table legend:
 A = Non-vault XP
 B = Vault XP
 C = Vault XP percentage of total XP
 D = Non-vault monster count
 E = Vault monster count
 F = Vault count percentage of total count
                 A         B        C        D         E       F
            +---------+---------+-------+---------+---------+-------
      Total |     299 |       0 |   0.0 |      74 |       0 |   0.0
            +---------+---------+-------+---------+---------+-------
        D:1 |      50 |       0 |   0.0 |      27 |       0 |   0.0
        D:2 |     132 |       0 |   0.0 |      26 |       0 |   0.0
        D:3 |      84 |       0 |   0.0 |      20 |       0 |   0.0
        D:4 |      33 |       0 |   0.0 |       1 |       0 |   0.0
            +---------+---------+-------+---------+---------+-------
